 Dungeon Sprint DCSS version 0.18-a0-801-gb01a236 (webtiles) character file.

1 pasperui the Skirmisher (level 1, 0/21 HPs)
             Began as a Naga Fighter on Dec 14, 2015.
             Was an Initiate of Pakellas.
             Slain by a naga
             ... wielding a +0 halberd
              (1 damage)
             ... in the Dungeon (Sprint V: "Ziggurat Sprint").
             The game lasted 00:03:43 (129 turns).

pasperui the Skirmisher (Naga Fighter)               Turns: 129, Time: 00:03:43

Health: 0/21       AC: 21    Str: 18    XL:     1   Next: 20%
Magic:  1/1        EV: -6    Int:  8    God:    Pakellas [......]
Gold:   0          SH: 26    Dex: 10    Spells: 0 memorised, 0 levels left

rFire  . . .     SeeInvis +     N - +6 shillelagh "Devastator" {shatter}
rCold  . . .     Clarity  .     L - +15 Maxwell's patent armour {-Cast -Tele rElec MR+ rCorr}
rNeg   + . .     SustAt   .     M - +18 shield of the gong {rElec rN+ MR+ EV-5}
rPois  +         Gourm    .     (no helmet)
rElec  +         Spirit   .     (no cloak)
rCorr  +         Dismiss  .     (no gloves)
rMut   .         NoTele   +     (no barding)
MR     ++...     NoCast   +     (no amulet)
Stlth  ..........               (no ring)
                                (no ring)

@: constricted, very slow, very resistant to hostile enchantments, extremely
unstealthy
A: see invisible, deformed body, poison resistance, slowness 2, slow metabolism
1, spit poison 2, AC +0
a: Spit Poison, Renounce Religion


You were in the Dungeon.
You worshipped Pakellas.
Pakellas was noncommittal.
You were not hungry.

You visited 1 branch

Inventory:

Hand Weapons
 a - the +10 dark maul {crush}
   (You found it in the Dungeon)

   It inflicts extra damage upon your enemies.
 b - the +7 Mace of Variability {chaos}
   (You found it in the Dungeon)

   Each time it hits an enemy it has a different, random effect.
 c - the +7 great mace "Firestarter" {inner flame, rF++}
   (You found it in the Dungeon)

   It has been specially enchanted to burn those struck by it, causing extra
   injury to most foes and up to half again as much damage against particularly
   susceptible opponents.
   It greatly protects you from fire.
 N - the +6 shillelagh "Devastator" (weapon) {shatter}
   (You found it in the Dungeon)
Armour
 L - the +15 Maxwell's patent armour (worn) {-Cast -Tele rElec MR+ rCorr}
   (You found it in the Dungeon)

   It insulates you from electricity.
   It affects your resistance to hostile enchantments.
   It prevents spellcasting.
   It prevents most forms of teleportation.
   It protects you from acid and corrosion.
 M - the +18 shield of the gong (worn) {rElec rN+ MR+ EV-5}
   (You found it in the Dungeon)

   It affects your evasion (-5).
   It insulates you from electricity.
   It protects you from negative energy.
   It affects your resistance to hostile enchantments.
 R - a +5 fire dragon armour
 S - a +5 gold dragon armour
 T - a +5 ice dragon armour
 U - a +5 storm dragon armour
Jewellery
 y - a +6 ring of dexterity
 A - a +6 ring of dexterity
 B - a +6 ring of intelligence
 C - a +6 ring of intelligence
 D - a +6 ring of strength
 E - a +6 ring of strength
 K - an uncursed ring of flight
Wands
 F - a wand of disintegration (7)
 G - a wand of fire (5)
 H - a wand of cold (5)
 I - a wand of draining (5)
Scrolls
 k - 4 scrolls of blinking
 q - 4 scrolls of amnesia
 r - 3 scrolls of recharging
 s - 7 scrolls of fog
 t - a scroll of holy word
 u - 5 scrolls of identify
 v - 5 scrolls of remove curse
 w - 2 scrolls of fear
Potions
 d - 6 potions of might
 e - 10 potions of curing
 g - 10 potions of heal wounds
 h - 6 potions of haste
 i - 7 potions of magic
 j - 3 potions of berserk rage
 l - 2 potions of brilliance
 m - 2 potions of invisibility
 n - 4 potions of resistance
 o - a potion of experience
 p - 5 potions of agility
Miscellaneous
 J - a disc of storms
Comestibles
 f - 5 bread rations
 x - 42 fruits
 z - 4 meat rations


   Skills:
 - Level 3.0 Fighting
 * Level 2.9 Maces & Flails
 - Level 2.4 Armour
 - Level 2.4 Shields


You couldn't memorise any spells.
You didn't know any spells.

Dungeon Overview and Level Annotations

Branches:
Dungeon (1/1)

Altars:
Ashenzari
Cheibriados
Dithmenos
Elyvilon
Fedhas
Gozag
Kikubaaqudgha
Makhleb
Nemelex Xobeh
Okawaru
Pakellas
Qazlal
Ru
Sif Muna
Trog
Vehumet
Xom
Yredelemnul
Zin
The Shining One
Beogh
Jiyva
Lugonu


Innate Abilities, Weirdness & Mutations

You cannot wear boots.
Your serpentine skin is tough (AC +0).
You have supernaturally acute eyesight.
Armour fits poorly on your strangely shaped body.
Your system is resistant to poisons.
You cover ground very slowly.
You have a slow metabolism.
You can spit poison.


Message History

The naga constricts you.
Unknown command.
You closely miss the naga.
The naga is severely wounded.
You block the naga's attack.
SHROANNG!
* * * LOW HITPOINT WARNING * * *
The naga constricts you.
Unknown command.
You barely miss the naga.
The naga is severely wounded.
You block the naga's attack.
PANG!
The naga constricts you.
Unknown command.
You closely miss the naga.
The naga is severely wounded.
You block the naga's attack.
PTOANNNG!
You die...

▓▓▓▓▓▓▓
▓.8©8.▓
▓.....▓
▓.[...▓
▓..N..▓
▓..@..▓
▓.....▓
▓▓▓▓▓▓▓


You could see a naga.

Vanquished Creatures
  A ball python (D)
1 creature vanquished.

Notes
Turn   | Place    | Note
--------------------------------------------------------------
     0 | D        | pasperui the Naga Fighter began the quest for the Orb.
     0 | D        | Reached XP level 1. HP: 21/21 MP: 1/1
     0 | D        | Found a roughly hewn altar of Beogh.
     0 | D        | Found a viscous altar of Jiyva.
     0 | D        | Found a corrupted altar of Lugonu.
     0 | D        | Found a white marble altar of Elyvilon.
     0 | D        | Found a sparkling altar of Nemelex Xobeh.
     0 | D        | Found a burning altar of Makhleb.
     0 | D        | Found an iron altar of Okawaru.
     0 | D        | Found a deep blue altar of Sif Muna.
     0 | D        | Found a radiant altar of Vehumet.
     0 | D        | Found a bloodstained altar of Trog.
     0 | D        | Found a shimmering altar of Xom.
   101 | D        | Became a worshipper of Pakellas the Inventive
   111 | D        | Entered arena 1.
   111 | D        | Noticed a naga
   126 | D        | HP: 1/21 [naga/halberd (1)]
   129 | D        | Slain by a naga

Vault maps used:
D:        sprint_v

Action                   || total
-------------------------++-------
Melee: Shillelagh        ||    15
 Abil: Spit Poison       ||     1
